 Dungeon Crawl Stone Soup version 0.30-a0-364-gf6b3ef1049 (webtiles) character file.

Game seed: 1707150819423515831

73 Colgate the Changer (level 4, 0/28 HPs)
             Began as an Octopode Transmuter on Nov 15, 2022.
             Slain by Crazy Yiuf
             ... wielding a +4 quarterstaff of chaos
              (16 damage)
             ... on level 2 of the Dungeon.
             The game lasted 00:03:53 (1716 turns).

Colgate the Changer (Octopode Transmuter)           Turns: 1716, Time: 00:03:53

Health: 0/28       AC:  2    Str:  9    XL:     4   Next: 27%
Magic:  4/7        EV: 19    Int: 17    God:
Gold:   37         SH:  0    Dex: 17    Spells: 1/7 levels left

rFire   . . .      SeeInvis +      - Unarmed
rCold   . . .      Faith    .    (shield currently unavailable)
rNeg    + . .      Spirit   .    (helmet currently unavailable)
rPois   x          Reflect  .    (no amulet)
rElec   .          Harm     .    c - ring of see invisible
rCorr   .          Rampage  .    g - ring of positive energy
Will    .....                    (no ring)
Stlth   ++........               (no ring)
HPRegen 0.24/turn                (no ring)
MPRegen 0.10/turn                (no ring)
                                 (no ring)
                                 (no ring)

@: spider-form
A: venomous fangs, almost no armour, (amphibious), 8 rings, tiny, (camouflage
1), (gelatinous body 1), (nimble swimmer 1), (tentacles)
a: End Transformation


You were on level 2 of the Dungeon.
You were a venomous arachnid creature.
You visited 1 branch of the dungeon, and saw 2 of its levels.

You collected 37 gold pieces.

Inventory:

Armour
 j - a +1 hat (melded)
Jewellery
 c - a ring of see invisible (left front leg)
 g - a ring of positive energy (right front leg)
Wands
 m - a wand of digging (7) {@v3}
Scrolls
 b - 3 scrolls of teleportation {unknown}
 d - a scroll of torment {unknown}
 f - a scroll of summoning {unknown}
 i - a scroll of immolation {unknown}
 k - a scroll of identify {unknown}
 l - a scroll of noise {unknown}
 o - a scroll of vulnerability {unknown}
Potions
 a - a potion of lignification
 e - a potion of attraction {unknown}
 h - a potion of might {unknown}
 n - 2 potions of brilliance {unknown}


   Skills:
 - Level 1.0 Fighting
 - Level 2.0 Dodging
 - Level 3.0 Unarmed Combat
 - Level 2.0 Spellcasting
 - Level 4.3 Transmutations
 + Level 0.3 Ice Magic


You had one spell level left.
You knew the following spells:

 Your Spells              Type           Power      Damage    Failure   Level
a - Beastly Appendage     Tmut           32%        N/A       11%         1
b - Wereblood             Tmut           16%        N/A       14%         2
c - Spider Form           Tmut/Pois      9%         N/A       45%         3

Your spell library contained the following spells:

 Spells                   Type           Power      Damage    Failure   Level
 Passwall                 Tmut/Erth      7%         N/A       28%         2
 Ensorcelled Hibernation  Hex/Ice        4%         N/A       50%         2
 Swiftness                Air            1%         N/A       71%         3
 Ice Form                 Ice/Tmut       9%         N/A       78%         4


Dungeon Overview and Level Annotations

Branches:
Dungeon (2/15)

Altars:

Shops:
D:2 (

Annotations:
D:2 Crazy Yiuf


Innate Abilities, Weirdness & Mutations

You are a venomous arachnid creature.
You have poisonous fangs.
You are tiny and dextrous.
Your spellcasting is less reliable in this form.
Your armour is entirely melded.
You are incapable of wielding weapons or throwing items.
You cannot wear most types of armour.
((You are amphibious.))
You can wear up to eight rings at the same time.
((Your skin changes colour to match your surroundings (Stealth+).))
((Your rubbery body absorbs attacks. (AC +1, EV +1)))
((You are camouflaged when in or above water. (Stealth+)))
((You have tentacles for arms and can constrict up to eight enemies at once.))


Message History

Level annotation: 1 runed translucent door, Crazy Yiuf
There is a stone staircase leading up here.
No target in view!
Found a helmet.
No target in view!
o - a scroll labelled POPUCA LACLU No target in view!
Found Nif Woti's Antique Weapon Boutique.
No target in view!
A quokka comes into view.
A quokka is nearby!
A quokka is nearby!
One of your tentacles grows a vicious spike.
Your +1 hat melds into your body.
The quokka closely misses you.
You barely miss the quokka. Your grab misses the quokka.
Your squeeze misses the quokka. The quokka closely misses you.
You closely miss the quokka. You grab the quokka.
You pierce the quokka.
You squeeze the quokka.
You kill the quokka!
No target in view!
Your transformation is almost over.
Magic restored.
There is an entrance to Nif Woti's Antique Weapon Boutique here.
No target in view!
Your tentacle spike disappears.
Your +1 hat unmelds from your body.
There is a stone staircase leading down here.
Casting: Beastly Appendage (safe; 3% risk of failure)
You turn into a venomous arachnid creature.
Your +1 hat melds into your body.
Crazy Yiuf shouts!
You open the door. You hit Crazy Yiuf.
Crazy Yiuf is poisoned.
Crazy Yiuf hits you with a +4 quarterstaff of chaos!
You are too injured to fight recklessly!
You barely miss Crazy Yiuf. Crazy Yiuf barely misses you.
You hit Crazy Yiuf but do no damage.
Crazy Yiuf looks as sick as possible!
Crazy Yiuf hits you with a +4 quarterstaff of chaos!
Ouch! That really hurt!
You die...

## #..##
##....##########.##.
# #...## #.[..#
#..###...### #....#
♣....♣ #..#...###
#########..# ♣♣...♣
#....###
#.........## ♣♣.♣♣
#..### #.....###..#
♣♣.♣ #..# #....##
##.# ♣.♣♣ #..#####
#.....## ### ♣♣.♣
#..#)..#####
#......# ♣s♣♣
#...........
#....#.### #g#
#......#..[.
#.####...### ...
#......#.... ..#
###...# #...#
#####..#.#.# #.#
##### #)..#
#..##..#....
..#######..# #####
##.#...#...#
..........##
##..........
....#######
########........###
....#
#.........##.......


You could see Crazy Yiuf (extremely poisoned).

Vanquished Creatures
  Jessica (D:2)
  An adder (D:2)
  A dart slug (D:2)
  3 ball pythons (D:1)
  An endoplasm (D:2)
  A giant cockroach (D:1)
  4 goblins
  4 hobgoblins (D:1)
  4 jackals (D:1)
  4 quokkas
  2 bats
  A frilled lizard (D:1)
  3 kobolds (D:1)
  3 rats (D:2)
33 creatures vanquished.

Notes
Turn   | Place    | Note
-------+----------+-------------------------------------------
     0 | D:1      | Colgate the Octopode Transmuter began the quest for the
                  | Orb.
     0 | D:1      | Reached XP level 1. HP: 13/13 MP: 3/3
   187 | D:1      | Reached XP level 2. HP: 12/18 MP: 3/5
   195 | D:1      | Learned a level 2 spell: Wereblood
   286 | D:1      | Reached skill level 3 in Transmutations
   693 | D:1      | Reached XP level 3. HP: 23/23 MP: 4/6
   697 | D:1      | Learned a level 3 spell: Spider Form
  1230 | D:2      | Noticed Jessica
  1242 | D:2      | Killed Jessica
  1243 | D:2      | Reached skill level 4 in Transmutations
  1243 | D:2      | Reached XP level 4. HP: 23/28 MP: 4/7
  1277 | D:2      | Found a runed translucent door.
  1278 | D:2      | Noticed Crazy Yiuf
  1557 | D:2      | Found Nif Woti's Antique Weapon Boutique.
  1716 | D:2      | Slain by Crazy Yiuf

Illustrated notes

Levels and vault maps discovered:
D:1:      amcnicky_arrival_flooded_fountain, layout_loops_cross
D:2:      layout_rooms, serial_shops, nicolae_diamond_shop,
          hangedman_decor_lopped, minmay_misc_feat_chi, uniq_crazy_yiuf_cottage,
          uniq_jessica

Skill      XL: |  1  2  3 |
---------------+----------+-----
Transmutations | 3 4 |  4.3
Fighting       | |  1.0
Dodging        | |  2.0
Unarmed Combat | |  3.0
Spellcasting   | |  2.0
Ice Magic      | |  0.3

Action                   |  1- 3 |  4- 6 || total
-------------------------+-------+-------++-------
Melee: Unarmed           |    61 |     7 ||    68
       Constrict         |    18 |     1 ||    19
       Kick              |    16 |     1 ||    17
       Tentacles         |     9 |     1 ||    10
       Punch             |     1 |       ||     1
 Cast: Beastly Appendage |    17 |     1 ||    18
       Wereblood         |     2 |       ||     2
       Spider Form       |     4 |     2 ||     6
 Stab: Sleeping          |     3 |       ||     3
Armor: Skin              |     6 |       ||     6
Dodge: Dodged            |    51 |     4 ||    55

Table legend: (Time is in decaauts)
 A = Elapsed time spent in this place.
 B = Non-inter-level travel time spent in this place.
 C = Inter-level travel time spent in this place.
 D = Time resting spent in this place.
 E = Time spent auto-exploring this place.
 F = Levels seen in this place.
 G = Mean time per level.
                   A        B        C        D        E       F      G
               +--------+--------+--------+--------+--------+-----+--------+
         Total |   1711 |   1665 |     46 |      0 |   1400 |   2 |  855.5 |
       Dungeon |   1711 |   1665 |     46 |      0 |   1400 |   2 |  855.5 |
               +--------+--------+--------+--------+--------+-----+--------+

Top non-repeatable levels by time:
     D:2: 900 daAuts
     D:1: 810 daAuts
